 Dungeon Crawl Stone Soup version 0.27-a0-1105-g946c659c87 (webtiles) character file.

Game seed: 2907336392042805413

42913 spiderkeys the Slicer (level 13, -4/125 HPs)
             Began as a Minotaur Brigand on Apr 30, 2021.
             Was a Priest of Ashenzari.
             Killed from afar by a rime drake (9 damage)
             ... with a flash freeze
             ... while petrified by a basilisk
             ... on level 5 of the Lair of Beasts.
             The game lasted 00:57:02 (26226 turns).

spiderkeys the Slicer (Minotaur Brigand)           Turns: 26226, Time: 00:57:03

Health: -4/125     AC:  9    Str: 17    XL:     13   Next: 88%
Magic:  12/12      EV:  2    Int:  8    God:    Ashenzari [***...]
Gold:   1686       SH:  0    Dex: 16    Spells: 9/12 levels left

rFire    . . .     SeeInvis +   L - +9 short sword (flame)
rCold    . . .     Faith    .   n - +0 buckler of Ashenzari's Regret {Melee, Self} (curse)
rNeg     + + +     Spirit   .   B - +0 steam dragon scales of Ashenzari's Sybil {Bglg, Self} (curse)
rPois    ∞         Reflect  .   (helmet restricted)
rElec    .         Harm     .   c - +0 cloak of Cremastomancy {Range, Cun} (curse)
rCorr    .         Rampage  .   W - +2 pair of gloves
Will     .....     Clarity  +   (no boots)
Stlth    +++++.....             g - amulet of regeneration
HPRegen  1.30/turn              Y - ring "Bound Together" {Slay+4, Range, Melee} (curse)
MPRegen  0.13/turn              Z - ring of Ashenzari's Irritation {Wiz, Fort, Range} (curse)

@: petrified
A: horns 2, retaliatory headbutt
a: Renounce Religion, Curse Item, Shatter the Chains


You were on level 5 of the Lair of Beasts.
You worshipped Ashenzari.
Ashenzari was most pleased with you.
You visited 2 branches of the dungeon, and saw 19 of its levels.
You also visited: Ice Cave.

You collected 1686 gold pieces.


Innate Abilities, Weirdness & Mutations

You have a pair of horns on your head.
You reflexively headbutt those who attack you in melee.


   Skills:
 + Level 11.8(14.4) Fighting
 * Level 12.1(14.7) Short Blades
 - Level 8.7(12.4) Throwing
 + Level 10.8(12.5) Dodging
 * Level 11.7(13.3) Stealth
 - Level 3.3(5.0) Shields
 * Level 6.8 Evocations


You had 9 spell levels left.
You knew the following spells:

 Your Spells              Type           Power      Damage    Failure   Level
c - Confusing Touch       Hex            0%         N/A       41%         3

Your spell library contained the following spells:

 Spells                   Type           Power      Damage    Failure   Level
 Beastly Appendage        Tmut           0%         N/A       16%         1
 Magic Dart               Conj           0%         1d3       16%         1
 Sandblast                Erth           0%         2d4       16%         1
 Searing Ray              Conj           0%         3d3       22%         2
 Passwall                 Tmut/Erth      0%         N/A       26%         2
 Wereblood                Tmut           0%         N/A       26%         2
 Dazzling Flash           Conj/Hex       0%         N/A       41%         3
 Gell's Gravitas          Tloc           0%         N/A       41%         3
 Spider Form              Tmut/Pois      0%         N/A       43%         3
 Stone Arrow              Conj/Erth      0%         3d7       43%         3
 Fulminant Prism          Conj/Hex       0%         3d6       80%         4
 Iskenderun's Mystic Bla  Conj/Tloc      0%         2d3       80%         4
 Ice Form                 Ice/Tmut       0%         N/A       82%         4
 Petrify                  Tmut/Erth      0%         N/A       82%         4
 Hydra Form               Tmut           0%         N/A       98%         5
 Lee's Rapid Deconstruct  Erth           0%         3d5*      98%         5
 Metabolic Englaciation   Hex/Ice        0%         N/A       98%         5
 Yara's Violent Unravell  Hex/Tmut       0%         3d3       98%         5

Inventory:

Hand Weapons
 L - a +9 short sword of flaming (weapon)
   (You took it off a wight on level 6 of the Dungeon)
 S - a +2 falchion of holy wrath
   (You found it on level 2 of the Dungeon)
Missiles
 d - 161 poisoned darts
 e - 4 curare-tipped darts {=f}
 h - 663 stones (quivered)
 k - 149 bolts
 o - 395 arrows
 v - 79 sling bullets
 D - 21 boomerangs
 K - 2 throwing nets {=f!f}
 U - 3 javelins
Armour
 c - the cursed +0 cloak of Cremastomancy (worn) {Range, Cun}

   It has a curse which improves the following skills: Ranged Combat: Slings,
   Bows, Crossbows and Throwing.
   Cunning:   Dodging and Stealth.
 n - the cursed +0 buckler of Ashenzari's Regret (worn) {Melee, Self}
   (You found it on level 2 of the Dungeon)

   It has a curse which improves the following skills: Melee Combat: Short
   Blades, Long Blades, Axes, Maces & Flails, Polearms, Staves and Unarmed
   Combat.
   Introspection: Fighting and Spellcasting.
 B - the cursed +0 steam dragon scales of Ashenzari's Sybil (worn) {Bglg, Self}
   (You found it on level 6 of the Dungeon)

   It has a curse which improves the following skills: Beguiling: Conjurations,
   Hexes and Translocations.
   Introspection: Fighting and Spellcasting.
 G - +0 steam dragon scales
   (You took it off Maggie on level 6 of the Dungeon)
 W - a +2 pair of gloves (worn)
   (You found it on level 5 of the Lair of Beasts)
Jewellery
 g - an amulet of regeneration (around neck)
   (You found it in an ice cave)
 O - a +4 ring of protection
   (You found it in an ice cave)
 Y - the cursed ring "Bound Together" (left hand) {Slay+4, Range, Melee}
   (You found it on level 10 of the Dungeon)

   [ring of slaying]

   It affects your accuracy and damage with ranged weapons and melee attacks
   (+4).
   It has a curse which improves the following skills: Ranged Combat: Slings,
   Bows, Crossbows and Throwing.
   Melee Combat: Short Blades, Long Blades, Axes, Maces & Flails, Polearms,
   Staves and Unarmed Combat.
 Z - the cursed ring of Ashenzari's Irritation (right hand) {Wiz, Fort, Range}
   (You found it on level 10 of the Dungeon)

   [ring of wizardry]

   It improves your spell success rate.
   It has a curse which improves the following skills: Fortitude: Armour and
   Shields.
   Ranged Combat: Slings, Bows, Crossbows and Throwing.
Wands
 a - a wand of mindburst (11)
   (You found it on level 8 of the Dungeon)
 y - a wand of digging (3)
   (You found it on level 5 of the Dungeon)
 z - a wand of polymorph (38)
   (You took it off Sigmund on level 5 of the Dungeon)
 F - a wand of flame (60)
   (You found it on level 6 of the Dungeon)
 M - a wand of paralysis (5)
   (You found it on level 2 of the Lair of Beasts)
 T - a wand of acid (10)
   (You found it on level 13 of the Dungeon)
 V - a wand of iceblast (17)
   (You found it on level 7 of the Dungeon)
Scrolls
 i - 8 scrolls of fear
 j - 4 scrolls of immolation {!r!r}
 m - a scroll of vulnerability {!r!r}
 q - 9 scrolls of identify {@r1}
 u - a scroll of enchant armour
 A - 3 scrolls of fog
 C - 2 scrolls of blinking {!r}
 E - 8 scrolls of teleportation {@r4}
 N - 2 scrolls of magic mapping {!r}
 R - 2 scrolls of torment {!r}
Potions
 b - 4 potions of brilliance
 f - a potion of attraction {!q}
 l - 4 potions of lignification {!q}
 p - 3 potions of cancellation
 r - 2 potions of haste {@q3}
 s - 2 potions of mutation {!q}
 t - 2 potions of magic
 w - 6 potions of curing {@q1}
 x - 2 potions of resistance
 H - a potion of berserk rage {!q}
 I - a potion of ambrosia
 J - a potion of flight
 P - 3 potions of might
 Q - a potion of heal wounds {@q2}
Miscellaneous
 X - a piece from Xom's chessboard (15/15)
   (You found it on level 4 of the Lair of Beasts)

Dungeon Overview and Level Annotations

Branches:
Dungeon (14/15)            Temple (0/1) D:5            Lair (5/6) D:9
 Shoals (0/4) Lair:4        Snake (0/4) Lair:2          Orc (0/2) D:11
  IceCv (visited)
  Slime: Lair:5-6    Vaults: D:13-14

Altars:
Ashenzari
Cheibriados
Dithmenos
Gozag
Hepliaklqana
Kikubaaqudgha
Makhleb
Nemelex Xobeh
Okawaru
Sif Muna
Trog
Vehumet
Wu Jian
The Shining One

Annotations:
D:13 3 runed translucent doors

.#.###..##P.........P# **
*
....##..#P...##.##...P.P.
.............####........
.....##.....#######......
* ,,
.=..P#####P####.###P.....
...### ###P...#.##...(P ,
#.##### #............(#
#††.#.#####......k.....##
,
#......P#.......@D......#
*
.............#.##.......#
......#......#.#.........*
* *
....##.##...#............
...#######.#........l....
, ...# #............... ,
, ...# ##...........###
..# **........<.### ** .<
** ........*


You could see an eight-headed hydra, a basilisk and a rime drake (catching
breath).


Message History

Throw: 6 javelins
Press: ? - help, Shift-Dir - straight line, f - eight-headed hydra
Aim: an eight-headed hydra (wandering, hasn't noticed you, 86% to hit)
You throw a javelin. The eight-headed hydra roars!
The basilisk hisses angrily.
The javelin pierces through the eight-headed hydra!!
The javelin pierces through the fungus!!
The fungus begins to die.
The basilisk gazes at you.
You are slowing down.
Throw: 5 javelins
Press: ? - help, Shift-Dir - straight line, f/p - eight-headed hydra
Aim: an eight-headed hydra (moderately wounded, 86% to hit)
You throw a javelin.
The javelin barely misses the eight-headed hydra.
The rime drake hisses angrily.
The rime drake breathes ice at you. The flash freeze hits you!!
You are encased in ice.
Your limbs are stiffening. 😕 HP[-14]
You take 14 damage, and now have 111/125 hp.
Throw: 4 javelins
Press: ? - help, Shift-Dir - straight line, f/p - eight-headed hydra
Aim: an eight-headed hydra (moderately wounded, 86% to hit)
You throw a javelin.
The javelin pierces through the eight-headed hydra!!
The basilisk gazes at you.
You easily resist.
The basilisk gazes at you.
You easily resist.
You have turned to stone.
The basilisk gazes at you.
You easily resist.
The eight-headed hydra bites you!
The eight-headed hydra bites you. x2; The eight-headed hydra bites you!
The eight-headed hydra bites you. x4
The rime drake bites you but does no damage.
The basilisk gazes at you. The eight-headed hydra bites you!
The eight-headed hydra bites you.
The eight-headed hydra bites you but does no damage.
The eight-headed hydra bites you. The eight-headed hydra bites you! x2
The eight-headed hydra bites you but does no damage. x2
The ice encasing you melts away.
The rime drake bites you but does no damage.
The basilisk hisses menacingly.
The basilisk gazes at you.
You easily resist.
The eight-headed hydra bites you.
The eight-headed hydra bites you but does no damage. x3
The eight-headed hydra bites you! The eight-headed hydra bites you.
The eight-headed hydra bites you but does no damage.
The eight-headed hydra bites you! The rime drake breathes ice at you.
The flash freeze hits you!!
* * * LOW HITPOINT WARNING * * *
You are encased in ice.
The eight-headed hydra bites you.
* * * LOW HITPOINT WARNING * * *
The eight-headed hydra bites you.
* * * LOW HITPOINT WARNING * * *
The eight-headed hydra bites you but does no damage.
The eight-headed hydra bites you!
* * * LOW HITPOINT WARNING * * *
The eight-headed hydra completely misses you.
The eight-headed hydra bites you!
* * * LOW HITPOINT WARNING * * *
The eight-headed hydra bites you!
* * * LOW HITPOINT WARNING * * *
The eight-headed hydra bites you but does no damage.
The rime drake bites you but does no damage.
The basilisk gazes at you.
You easily resist.
The eight-headed hydra bites you!
* * * LOW HITPOINT WARNING * * *
The eight-headed hydra bites you!
* * * LOW HITPOINT WARNING * * *
The eight-headed hydra bites you!
* * * LOW HITPOINT WARNING * * *
The eight-headed hydra bites you.
* * * LOW HITPOINT WARNING * * *
The eight-headed hydra bites you.
* * * LOW HITPOINT WARNING * * *
The eight-headed hydra bites you but does no damage.
The eight-headed hydra bites you.
* * * LOW HITPOINT WARNING * * *
The eight-headed hydra bites you but does no damage.
The rime drake bites you but does no damage.
The eight-headed hydra bites you!
* * * LOW HITPOINT WARNING * * *
The eight-headed hydra bites you!
* * * LOW HITPOINT WARNING * * *
The eight-headed hydra bites you but does no damage. x2
The eight-headed hydra bites you.
* * * LOW HITPOINT WARNING * * *
The eight-headed hydra bites you but does no damage.
The eight-headed hydra bites you.
* * * LOW HITPOINT WARNING * * *
The eight-headed hydra bites you but does no damage.
The ice encasing you melts away. The rime drake breathes ice at you.
The flash freeze hits you!!
You die...

Skill      XL: |  1  2  3  4  5  6  7  8  9 10 11 12 13 |
---------------+----------------------------------------+-----
Fighting       | 3 4 5 6 7 9 10 11 | 11.8
Dodging        | 2 3 4 5 6 8 9 10 | 10.8
Short Blades   | 3 4 5 7 8 9 10 12 | 12.1
Throwing       | 3 4 5 6 7 8 |  8.7
Shields        | 1 3 |  3.3
Stealth        | 4 5 6 8 9 10 11 | 11.7
Evocations     | 4 6 |  6.8

Action                   |  1- 3 |  4- 6 |  7- 9 | 10-12 | 13-15 || total
-------------------------+-------+-------+-------+-------+-------++-------
Melee: Dagger            |    75 |   128 |   287 |       |       ||   490
       Headbutt          |     7 |    21 |    79 |   132 |    66 ||   305
       Short sword       |       |       |    50 |   483 |   275 ||   808
       Falchion          |       |       |       |    45 |       ||    45
Throw: Dart              |     3 |     6 |    46 |    47 |     5 ||   107
       Stone             |    13 |    15 |    15 |    27 |       ||    70
       Boomerang         |       |       |     3 |    13 |       ||    16
       Throwing net      |       |       |       |     1 |     2 ||     3
       Javelin           |       |       |       |       |     6 ||     6
Invok: Curse Item        |     2 |     2 |     1 |     1 |     1 ||     7
       Shatter the Chain |       |       |     2 |       |       ||     2
Evoke: Wand              |       |       |    10 |    16 |     5 ||    31
  Use: Potion            |       |     1 |       |     3 |     1 ||     5
       Scroll            |       |       |     3 |     6 |     2 ||    11
 Stab: Sleeping          |    12 |     8 |     8 |    22 |    17 ||    67
       Distracted        |     1 |       |       |       |       ||     1
       Invisible         |       |     2 |       |       |       ||     2
Armor: Leather armour    |    18 |    18 |    18 |       |       ||    54
       Robe              |     2 |       |       |       |       ||     2
       Steam dragon scal |       |       |     6 |    39 |    30 ||    75
Dodge: Dodged            |    48 |    41 |   149 |   247 |    98 ||   583
Block: Buckler           |       |    14 |    53 |    77 |    30 ||   174
       Rpst.: Falchion   |       |       |       |    10 |       ||    10

Levels and vault maps discovered:
D:1:      minmay_arrival_radiant_lines, layout_basic,
          hellmonk_ecumenical_altar_pennies_from_heaven, hex_large
D:2:      layout_basic
D:3:      layout_basic, pdpol_wu_jian_five_deadly_venoms
D:4:      layout_loops_ring, nicolae_sif_muna_condensation, fountainhead,
          nrook_mini_backslash, glass_columns_c, uniq_pikel
D:5:      layout_loops_ring, lightli_temple_of_fire, minmay_temple_entry_hall,
          grunt_ministairs_14, st_stairs_14, chequers_serial_rivers_large_b,
          uniq_menkaure, uniq_sigmund
D:6:      layout_basic, bloody_makhleb, uniq_maggie
D:7:      layout_basic
D:8:      layout_basic, nemelex_diamond_rough_becter, amcnicky_altar_gilded
D:9:      cheibrodos_elevator_heist, layout_loops_ring,
          nicolae_vehumet_altar_sigil, grunt_temple_overflow_open,
          lair_entry_dummy, st_stairs_13, uniq_grum
D:10:     layout_roguey, riverfiend_overflow_shadow_ancestor, minivault_16
D:11:     layout_loops_ring, kennysheep_orc_monster_closet_entryway
D:12:     layout_basic
D:13:     layout_rooms, mikee_hates_you
D:14:     layout_rooms, david_vaults_5, hangedman_decor_push, special_room
          [special_room_orc]
Lair:1:   layout_cave_pods, uniq_urug
Lair:2:   layout_cave_pods, minmay_snake_entry_six_corridors, lemuel_fruit_tree,
          uniq_erica
Lair:3:   layout_hall_layers
Lair:4:   layout_regular_city, elwin_shoals_entry_rooms, grunt_megastairs_4
Lair:5:   layout_layer_cave, portal_ice_cave_entry_pillars_1

Notes
Turn   | Place    | Note
-------+----------+-------------------------------------------
     0 | D:1      | spiderkeys the Minotaur Brigand began the quest for the
                  | Orb.
     0 | D:1      | Reached XP level 1. HP: 18/18 MP: 0/0
     0 | D:1      | magus.rc [v1.9.10]
    10 | D:1      | Found a faded altar of an unknown god.
    19 | D:1      | Became a worshipper of Ashenzari the Shackled
   293 | D:1      | Reached XP level 2. HP: 25/25 MP: 1/1
   724 | D:1      | Reached XP level 3. HP: 30/30 MP: 2/2
   741 | D:1      | You pick up a book of Misfortune and begin reading...
   741 | D:1      | You add the spells Confusing Touch, Gell's Gravitas,
                  | Petrify, Metabolic Englaciation and Yara's Violent
                  | Unravelling to your library.
  1163 | D:2      | Reached skill level 3 in Fighting
  1270 | D:2      | Reached * piety under Ashenzari
  1384 | D:2      | Reached skill level 2 in Dodging
  1469 | D:2      | Reached XP level 4. HP: 38/38 MP: 3/3
  1765 | D:2      | Reached ** piety under Ashenzari
  2114 | D:3      | Reached skill level 3 in Short Blades
  2195 | D:3      | Found an ornate altar of the Wu Jian Council.
  2348 | D:3      | Noticed a sky beast
  2351 | D:3      | Killed a sky beast
  2352 | D:3      | Reached skill level 3 in Throwing
  2352 | D:3      | Reached skill level 1 in Shields
  2352 | D:3      | Reached XP level 5. HP: 48/48 MP: 4/4
  2875 | D:4      | Reached skill level 4 in Stealth
  2922 | D:4      | Found a shimmering blue altar of Sif Muna.
  3152 | D:4      | Reached skill level 4 in Fighting
  3152 | D:4      | Reached skill level 3 in Dodging
  3152 | D:4      | Reached XP level 6. HP: 46/56 MP: 5/5
  3265 | D:4      | Noticed Pikel
  3329 | D:4      | Reached skill level 2 in Shields
  3407 | D:4      | HP: 10/56 [disintegration (7)]
  3411 | D:4      | Killed Pikel
  3412 | D:4      | Reached skill level 4 in Short Blades
  3412 | D:4      | Reached skill level 4 in Throwing
  3412 | D:4      | Reached skill level 3 in Shields
  3412 | D:4      | Reached XP level 7. HP: 12/63 MP: 6/6
  3817 | D:4      | Reached skill level 4 in Dodging
  3820 | D:4      | Reached skill level 5 in Fighting
  3829 | D:4      | Learned a level 3 spell: Confusing Touch
  4282 | D:5      | Entered Level 5 of the Dungeon
  4673 | D:5      | Reached XP level 8. HP: 62/71 MP: 7/7
  4883 | D:4      | Reached skill level 5 in Short Blades
  5020 | D:5      | Reached skill level 5 in Stealth
  5059 | D:5      | Found a staircase to the Ecumenical Temple.
  5300 | D:5      | Noticed Sigmund
  5345 | D:5      | Killed Sigmund
  5479 | D:5      | Noticed Menkaure
  5484 | D:5      | Killed Menkaure
  5485 | D:5      | Reached skill level 6 in Fighting
  5485 | D:5      | Reached skill level 5 in Throwing
  5485 | D:5      | Reached skill level 5 in Dodging
  6051 | D:5      | Found a bloodstained altar of Trog.
  6582 | D:6      | Found a burning altar of Makhleb.
  7117 | D:6      | Reached XP level 9. HP: 79/81 MP: 8/8
  7153 | D:6      | Reached skill level 6 in Short Blades
  7432 | D:6      | Noticed Maggie
  7462 | D:6      | Killed Maggie
  7463 | D:6      | HP: 20/82 [centaur zombie (4)]
  7486 | D:6      | Reached skill level 6 in Dodging
  7486 | D:6      | Reached skill level 6 in Stealth
  7640 | D:6      | Reached skill level 7 in Fighting
  7779 | D:6      | Reached skill level 6 in Throwing
  8895 | D:7      | Reached skill level 7 in Short Blades
  9226 | D:7      | You pick up a book of Geomancy and begin reading...
  9226 | D:7      | You add the spells Sandblast, Passwall, Stone Arrow and
                  | Lee's Rapid Deconstruction to your library.
  9939 | D:8      | Reached XP level 10. HP: 43/93 MP: 9/9
 10312 | D:8      | Reached skill level 7 in Dodging
 10393 | D:8      | Noticed a cyclops
 10403 | D:8      | Killed a cyclops
 10404 | D:8      | Reached skill level 8 in Fighting
 10533 | D:8      | Found an ancient bone altar of Kikubaaqudgha.
 10668 | D:8      | Found a sparkling altar of Nemelex Xobeh.
 10706 | D:8      | Identified the +7 whip of Fedhas's Delight {protect,
                  | Fragile Str+9 Dex+8 Stlth+}
 10840 | D:9      | Found an opulent altar of Gozag.
 10844 | D:9      | Found an iron altar of Okawaru.
 10844 | D:9      | Found a glowing golden altar of the Shining One.
 10848 | D:9      | Found a snail-covered altar of Cheibriados.
 10886 | D:9      | Found a staircase to the Lair.
 10920 | D:9      | Reached skill level 7 in Throwing
 10920 | D:9      | Reached skill level 7 in Stealth
 11200 | D:9      | Noticed Grum
 11208 | D:9      | Killed Grum
 11606 | D:9      | Identified the +2 leather armour of Divine Brilliance {Fly
                  | rC- Str+4 Dex+2}
 11922 | D:9      | Reached skill level 8 in Short Blades
 12209 | D:9      | Found a radiant altar of Vehumet.
 12221 | D:9      | Noticed a sixfirhy
 12542 | D:9      | Noticed a deep elf pyromancer
 12548 | D:9      | Noticed a manticore
 12910 | D:10     | Entered Level 10 of the Dungeon
 12946 | D:10     | Reached skill level 9 in Fighting
 12946 | D:10     | Reached skill level 8 in Dodging
 12946 | D:10     | Reached skill level 8 in Stealth
 13323 | D:10     | Reached XP level 11. HP: 72/102 MP: 10/10
 13504 | D:10     | Noticed a two-headed ogre
 13511 | D:10     | Killed a two-headed ogre
 13567 | D:10     | Found a shadowy altar of Dithmenos.
 13568 | D:10     | Found a hazy altar of Hepliaklqana.
 13653 | D:10     | Noticed a two-headed ogre
 13719 | D:10     | Killed a two-headed ogre
 13892 | D:10     | You pick up a book of Conjurations and begin reading...
 13892 | D:10     | You add the spells Magic Dart, Searing Ray, Dazzling Flash,
                  | Fulminant Prism and Iskenderun's Mystic Blast to your
                  | library.
 14141 | D:11     | Reached skill level 8 in Throwing
 14349 | D:11     | Found a staircase to the Orcish Mines.
 14527 | D:11     | Reached skill level 9 in Stealth
 14676 | D:11     | Reached skill level 9 in Short Blades
 15131 | D:12     | Reached skill level 9 in Dodging
 15195 | D:12     | Reached skill level 10 in Fighting
 15397 | D:12     | Noticed a two-headed ogre
 15402 | D:12     | Killed a two-headed ogre
 15773 | D:13     | Noticed a two-headed ogre
 15778 | D:13     | Noticed an ogre mage
 15790 | D:12     | Killed a two-headed ogre
 15791 | D:12     | Reached XP level 12. HP: 113/113 MP: 11/11
 15988 | D:13     | Reached skill level 1 in Evocations
 16178 | D:12     | HP: 24/113 [vampire mosquito (10)]
 17048 | D:13     | HP: 27/113 [skeletal warrior/+0 flail[a skeletal warrior]
                  | (23)]
 17050 | D:13     | HP: 7/113 [skeletal warrior/+0 flail[a skeletal warrior]
                  | (21)]
 17058 | D:13     | Reached skill level 10 in Stealth
 17462 | D:13     | Noticed a two-headed ogre
 17470 | D:13     | Reached skill level 2 in Evocations
 17485 | D:13     | Killed an ogre mage
 17815 | D:13     | HP: 28/113 [skeletal warrior/+0 glaive[a skeletal warrior]
                  | (29)]
 17818 | D:13     | HP: 7/113 [skeletal warrior/+0 glaive[a skeletal warrior]
                  | (21)]
 17823 | D:13     | Reached skill level 10 in Short Blades
 18637 | D:13     | Reached skill level 3 in Evocations
 19045 | D:13     | HP: 17/113 [skeletal warrior/+0 dire flail[a skeletal
                  | warrior] (28)]
 19115 | D:13     | Killed a two-headed ogre
 19435 | D:13     | Found a runed translucent door.
 19474 | D:13     | Found a runed translucent door.
 19474 | D:13     | Found a runed translucent door.
 19476 | D:13     | Noticed a merfolk impaler
 19476 | D:13     | Noticed a merfolk avatar
 19540 | D:14     | Noticed a centaur warrior
 19925 | Lair:1   | Entered Level 1 of the Lair of Beasts
 19926 | Lair:1   | Noticed Urug
 19933 | Lair:1   | Killed Urug
 19935 | Lair:1   | a +1 eveningstar of protection {rare}; a +0 chain mail
 19942 | Lair:1   | You pick up a book of Changes and begin reading...
 19942 | Lair:1   | You add the spells Beastly Appendage, Wereblood, Spider
                  | Form, Ice Form and Hydra Form to your library.
 20009 | Lair:1   | Identified the +4 spear "Hejo" {vorpal, Stlth+}
 20088 | Lair:1   | Reached skill level 4 in Evocations
 20208 | Lair:1   | Reached skill level 10 in Dodging
 20266 | Lair:1   | Reached skill level 11 in Fighting
 21460 | Lair:2   | Noticed Erica
 21477 | Lair:2   | Killed Erica
 21837 | Lair:2   | Found a staircase to the Snake Pit.
 21864 | Lair:2   | Reached XP level 13. HP: 95/122 MP: 12/12
 21965 | Lair:2   | Reached skill level 11 in Short Blades
 22348 | Lair:2   | Reached skill level 5 in Evocations
 22350 | Lair:2   | Reached skill level 11 in Stealth
 23360 | Lair:3   | Reached *** piety under Ashenzari
 23865 | Lair:4   | Reached skill level 6 in Evocations
 24618 | Lair:4   | Found a staircase to the Shoals.
 24946 | Lair:5   | Found a frozen archway.
 24954 | IceCv    | Entered an ice cave
 25738 | IceCv    | Reached skill level 12 in Short Blades
 26224 | Lair:5   | HP: 29/125 [eight-headed hydra (4)]
 26225 | Lair:5   | HP: 13/125 [eight-headed hydra (4)]
 26225 | Lair:5   | HP: 4/125 [eight-headed hydra (3)]
 26226 | Lair:5   | Killed from afar by a rime drake

Vanquished Creatures
  2 ice dragons (IceCv)
  A boulder beetle (Lair:4)
  An ogre mage (D:13)
  Erica (Lair:2)
  5 two-headed ogres
  4 death yaks (Lair:2)
  Urug (Lair:1)
  5 skeletal warriors
  Pikel (D:4)
  A deep elf pyromancer (D:14)
  2 manticores (D:13)
  5 cyclopes
  4 black mambas
  2 ice statues (IceCv)
  Maggie (D:6)
  3 cane toads
  An unseen horror (D:12)
  A kobold demonologist (D:9)
  4 rime drakes
  7 komodo dragons
  A merfolk (Lair:4)
  3 trolls
  9 blink frogs
  2 shadows
  2 wyverns
  3 wraiths
  41 yaks
  Sigmund (D:5)
  A vampire (D:9)
  A basilisk (Lair:1)
  3 steam dragons
  Grum (D:9)
  4 vampire mosquitoes
  Menkaure (D:5)
  13 water moccasins
  14 ice beasts (IceCv)
  8 orc warriors
  3 sky beasts
  A black bear (Lair:1)
  A necrophage (D:5)
  2 wolves (D:9)
  9 ogres
  4 centaurs
  2 lemures (D:4)
  10 bullfrogs
  9 kobold brigands
  3 gnoll sergeants (D:11)
  A scorpion (D:6)
  A wyvern zombie (D:7)
  2 water moccasin skeletons
  14 killer bees
  4 wights
  4 howler monkeys
  4 centaur zombies
  3 jellies (D:5)
  A hound (D:7)
  A gnoll shaman (D:8)
  6 orc priests
  4 iguanas
  12 orc wizards
  A hound skeleton (D:5)
  A howler monkey zombie (D:9)
  13 gnolls
  A howler monkey skeleton (D:7)
  5 adders
  A shadow imp (D:5)
  A white imp (D:6)
  An ufetubus (D:6)
  An adder skeleton (D:4)
  2 worms
  A dart slug (D:1)
  31 orcs
  5 bats
  10 endoplasms
  3 giant cockroaches
  3 goblins
  5 hobgoblins
  7 jackals
  4 quokkas
  8 ball pythons
  9 frilled lizards
  8 kobolds
  A rat (D:1)
383 creatures vanquished.

Vanquished Creatures (others)
  9 fungi
  7 plants
16 creatures vanquished.

Grand Total: 399 creatures vanquished

Table legend:
 A = Non-vault XP
 B = Vault XP
 C = Vault XP percentage of total XP
 D = Non-vault monster count
 E = Vault monster count
 F = Vault count percentage of total count
                 A         B        C        D         E       F
            +---------+---------+-------+---------+---------+-------
      Total |   48236 |   13069 |  21.3 |     322 |      59 |  15.5
            +---------+---------+-------+---------+---------+-------
        D:1 |      52 |       0 |   0.0 |      30 |       0 |   0.0
        D:2 |      58 |       0 |   0.0 |      19 |       0 |   0.0
        D:3 |     201 |       0 |   0.0 |      14 |       0 |   0.0
        D:4 |     426 |     663 |  60.9 |      21 |       1 |   4.5
        D:5 |     779 |     493 |  38.8 |      15 |       5 |  25.0
        D:6 |     876 |     404 |  31.6 |      13 |       1 |   7.1
        D:7 |    1275 |       0 |   0.0 |      18 |       0 |   0.0
        D:8 |    1120 |       0 |   0.0 |      22 |       0 |   0.0
        D:9 |    2747 |     635 |  18.8 |      37 |       4 |   9.8
       D:10 |    3593 |       0 |   0.0 |      10 |       0 |   0.0
       D:11 |    2509 |    1863 |  42.6 |      16 |      19 |  54.3
       D:12 |    5110 |       0 |   0.0 |      12 |       0 |   0.0
       D:13 |    7584 |       0 |   0.0 |      16 |       0 |   0.0
       D:14 |    1312 |       0 |   0.0 |       2 |       0 |   0.0
     Lair:1 |    2512 |     843 |  25.1 |      10 |       1 |   9.1
     Lair:2 |    6000 |    2304 |  27.7 |      14 |       6 |  30.0
     Lair:3 |    4787 |       0 |   0.0 |      23 |       0 |   0.0
     Lair:4 |    5052 |     377 |   6.9 |      20 |       2 |   9.1
     Lair:5 |    2243 |       0 |   0.0 |      10 |       0 |   0.0
      IceCv |       0 |    5487 | 100.0 |       0 |      20 | 100.0
            +---------+---------+-------+---------+---------+-------

Illustrated notes

Table legend:
 A = Kills in this place as a percentage of kills in entire the game.
 B = Kills by you in this place as a percentage of kills by you in the entire game.
 C = Kills by friends in this place as a percentage of kills by friends in the entire game.
 D = Other kills in this place as a percentage of other kills in the entire game.
 E = Experience gained in this place as a percentage of experience gained in the entire game.
 F = Experience gained in this place divided by the number of levels of this place that you have seen.
                   A       B       C       D       E      F
               +-------+-------+-------+-------+-------+----------------------
         Total | 100.0 | 100.0 |   N/A |   N/A | 100.0 | 3065.2
       Dungeon |  72.2 |  72.2 |   N/A |   N/A |  51.7 | 2264.3
          Lair |  22.6 |  22.6 |   N/A |   N/A |  39.3 | 4823.6
      Ice Cave |   5.2 |   5.2 |   N/A |   N/A |   9.0 | 5487.0
               +-------+-------+-------+-------+-------+----------------------

Table legend: (Time is in decaauts)
 A = Elapsed time spent in this place.
 B = Non-inter-level travel time spent in this place.
 C = Inter-level travel time spent in this place.
 D = Time resting spent in this place.
 E = Time spent auto-exploring this place.
 F = Levels seen in this place.
 G = Mean time per level.
                   A        B        C        D        E       F      G
               +--------+--------+--------+--------+--------+-----+--------+
         Total |  25782 |  23916 |   1866 |   3759 |  16759 |  20 | 1289.1 |
       Dungeon |  19636 |  17882 |   1754 |   2998 |  12285 |  14 | 1402.6 |
          Lair |   5069 |   4957 |    112 |    141 |   4296 |   5 | 1013.8 |
      Ice Cave |   1076 |   1076 |      0 |    620 |    178 |   1 | 1076.0 |
               +--------+--------+--------+--------+--------+-----+--------+

Top non-repeatable levels by time:
     D:5: 2484 daAuts
    D:13: 2329 daAuts
     D:4: 1827 daAuts
     D:9: 1738 daAuts
     D:8: 1534 daAuts
    D:12: 1493 daAuts
     D:6: 1356 daAuts
  Lair:4: 1342 daAuts
  Lair:2: 1328 daAuts
  Lair:1: 1286 daAuts
    D:11: 1240 daAuts
     D:7: 1215 daAuts
     D:1: 1149 daAuts
    D:10: 1114 daAuts
   IceCv: 1076 daAuts
